 Dungeon Crawl Stone Soup version 0.27-a0-328-g7f782ed93a (webtiles) character file.

Game seed: 5840215823105941768

7 CurlyBrace the Caller (level 1, 0/8 HPs)
             Began as a Felid Summoner on Feb 11, 2021.
             Slain by a hound (6 damage)
             ... on level 2 of the Dungeon.
             The game lasted 00:01:35 (168 turns).

CurlyBrace the Caller (Felid Summoner)               Turns: 168, Time: 00:01:36

Health: 0/8        AC:  1    Str:  4    XL:     1   Next: 83%
Magic:  2/4        EV: 18    Int: 16    God:
Gold:   7          SH:  0    Dex: 16    Spells: 3/4 levels left
                                        Lives:  0   Deaths: 0

rFire    . . .     SeeInvis +   (weapon unavailable)
rCold    . . .     Faith    .   (shield unavailable)
rNeg     . . .     Spirit   .   (armour unavailable)
rPois    .         Reflect  .   (helmet unavailable)
rElec    .         Harm     .   (cloak unavailable)
rCorr    .         Rampage  .   (gloves unavailable)
Will     .....                  (boots unavailable)
Stlth    +++.......             (no amulet)
HPRegen  0.02/turn              (no ring)
MPRegen  0.09/turn              (no ring)

@: quick
A: very small, no armour, no weapons or thrown items, stealth, claws 1, fangs 3,
see invisible, speed 1, shaggy fur 1, sharp paws
a: no special abilities


You were on level 2 of the Dungeon.
You visited 1 branch of the dungeon, and saw 3 of its levels.

You collected 7 gold pieces.

You aren't carrying anything.


   Skills:
 * Level 0.6 Fighting
 + Level 2.8 Dodging
 + Level 2.9 Stealth
 * Level 0.7 Unarmed Combat
 - Level 2.0 Spellcasting
 - Level 4.0 Summonings


You had 3 spell levels left.
You knew the following spells:

 Your Spells              Type           Power        Failure   Level
a - Summon Small Mammal   Summ           56%          4%          1

Your spell library contained the following spells:

 Spells                   Type           Power        Failure   Level
 Call Imp                 Summ           14%          6%          2
 Call Canine Familiar     Summ           14%          12%         3
 Summon Guardian Golem    Hex/Summ       8%           26%         3
 Summon Ice Beast         Ice/Summ       8%           65%         4
 Summon Lightning Spire   Summ/Air       8%           65%         4


Dungeon Overview and Level Annotations

Branches:
Dungeon (3/15)

Altars:
Fedhas


Innate Abilities, Weirdness & Mutations

You cannot wear armour.
You are incapable of wielding weapons or throwing items.
Your paws allow you to move quietly. (Stealth)
You have sharp claws.
You have razor-sharp teeth.
You have supernaturally acute eyesight. (SInv)
You cover ground quickly.
You are covered in fur. (AC +1)
Your sharp claws are effective at attacking unaware monsters.


Message History

Your rat bites the hound.
The hound closely misses your quokka.
Your quokka completely misses the hound.
Unknown command.
Unknown command.
The hound bites your quokka.
Your rat closely misses the hound.
Your quokka closely misses the hound.
Unknown command.
Casting: Summon Small Mammal (safe; 4% risk of failure)
Confirm with . or Enter, or press ? or * to list all spells.
The hound pauses to sniff the ground.
The hound bites your quokka.
Your quokka dies!
Your quokka's corpse disappears in a puff of smoke!
Your rat bites the hound.
Your rat closely misses the hound.
Unknown command.
You swap places.
The hound bites your quokka.
Your quokka dies!
Your quokka's corpse disappears in a puff of smoke!
Unknown command.
It was a potion of heal wounds.
You feel much better. The hound closely misses you.
You aren't carrying any scrolls.
Unknown command.
The hound bites you.
You see here a hobgoblin corpse.
An adder comes into view.
The hound completely misses you.
You swap places.
The hound bites your rat.
Your rat dies!
Your rat's corpse disappears in a puff of smoke!
The adder barely misses you. The adder barely misses you.
Found 25 sling bullets.
Found a stone staircase leading up.
You see here a scroll labelled MAOTHO NEMPA.
Found a scroll labelled MUD EGYDAUGEZ.
The hound bites you.
Ouch! That really hurt!
You die...

#.##..## #>.†...##
#.##....## ##
#.#......## #.#
#h#.......##+##..#
###.#..............#
#.........r.?.(....###
#....######+##S.......
#...?# #.@h........
#....# ####.###<###
#....# .... # .......
...... ##....#
#......# ###...
######... ?.. # .. .


You could see a hound and an adder.

Vanquished Creatures
  A giant cockroach (D:2)
  2 hobgoblins
  2 rats
5 creatures vanquished.

Vanquished Creatures (collateral kills)
  A goblin (D:3)
1 creature vanquished.

Grand Total: 6 creatures vanquished

Notes
Turn   | Place    | Note
-------+----------+-------------------------------------------
     0 | D:1      | CurlyBrace the Felid Summoner began the quest for the Orb.
     0 | D:1      | Reached XP level 1. HP: 7/7 MP: 4/4
    50 | D:2      | Found a blossoming altar of Fedhas.
   125 | D:2      | Noticed a hound
   168 | D:2      | Slain by a hound

Illustrated notes

Levels and vault maps discovered:
D:1:      minmay_arrival_four_houses, layout_rooms, minmay_misc_feat_encased
D:2:      layout_basic, overflow_temple_1_default, dk_noncrumbling_3,
          minmay_domino_2
D:3:      layout_loops_ring, item_on_display_a

Action                   || total
-------------------------++-------
Melee: Unarmed           ||    21
       Bite              ||     1
 Cast: Summon Small Mamm ||     7
  Use: Potion            ||     2
 Stab: Sleeping          ||     1
Armor: Skin              ||     1
Dodge: Dodged            ||    23

Table legend: (Time is in decaauts)
 A = Elapsed time spent in this place.
 B = Non-inter-level travel time spent in this place.
 C = Inter-level travel time spent in this place.
 D = Time resting spent in this place.
 E = Time spent auto-exploring this place.
 F = Levels seen in this place.
 G = Mean time per level.
                   A        B        C        D        E       F      G
               +--------+--------+--------+--------+--------+-----+--------+
         Total |    145 |    145 |      0 |      0 |      0 |   3 |   48.3 |
       Dungeon |    145 |    145 |      0 |      0 |      0 |   3 |   48.3 |
               +--------+--------+--------+--------+--------+-----+--------+

Top non-repeatable levels by time:
     D:2: 80 daAuts
     D:3: 53 daAuts
     D:1: 11 daAuts
